 Dungeon Crawl Stone Soup version 0.27-a0-1136-g0b992a5a9d (webtiles) character file.

Game seed: 15083039716267503517

763 robertstho the Skirmisher (level 7, -3/57 HPs)
             Began as a Demonspawn Abyssal Knight on May 4, 2021.
             Was a Believer of Lugonu.
             Slain by Blork the orc
             ... wielding a +0 scimitar
              (7 damage)
             ... on level 5 of the Dungeon on May 5, 2021.
             The game lasted 00:06:20 (4585 turns).

robertstho the Skirmisher (DsAK)                    Turns: 4585, Time: 00:06:20

Health: -3/57      AC: 11    Str: 14    XL:     7   Next: 51%
Magic:  0/10       EV:  6    Int: 14    God:    Lugonu [**....]
Gold:   225        SH:  0    Dex: 12    Spells: 6/6 levels left

rFire    . . .     SeeInvis .   k - +2 lajatang (venom)
rCold    . . .     Faith    .   (shield currently unavailable)
rNeg     + . .     Spirit   +   j - +0 chain mail
rPois    .         Reflect  .   (no helmet)
rElec    .         Harm     .   (no cloak)
rCorr    .         Rampage  .   l - +0 pair of gloves
Will     .....                  (no boots)
Stlth    ..........             (no amulet)
HPRegen  0.19/turn              v - ring of positive energy
MPRegen  0.24/turn              (no ring)

@: mighty, lethally poisoned (-3 -> -4)
A: rugged brown scales 1, magic shield, magic regeneration
a: Renounce Religion, Depart the Abyss, Bend Space


You were on level 5 of the Dungeon.
You worshipped Lugonu.
Lugonu was pleased with you.
You visited 1 branch of the dungeon, and saw 5 of its levels.
You visited the Abyss 1 time.

You collected 225 gold pieces.

Inventory:

Hand Weapons
 a - a +1 spear
 c - the +7 short sword of Ysegaiplo {elec, rF+ rCorr}
   (You found it on level 5 of the Dungeon)

   Occasionally, upon striking a foe, it can discharge electrical energy and
   cause terrible harm.
   It protects you from fire.
   It protects you from acid and corrosion.
 k - a +2 lajatang of venom (weapon)
Missiles
 d - 5 curare-tipped darts
 q - a throwing net
Armour
 j - a +0 chain mail (worn)
 l - a +0 pair of gloves (worn)
Jewellery
 v - a ring of positive energy (left hand)
Scrolls
 h - 2 scrolls of immolation
 p - 3 scrolls of identify
 u - a scroll of amnesia {unknown}
Potions
 b - a potion of brilliance {unknown}
 e - a potion of degeneration {unknown}
 f - 3 potions of attraction
 g - 2 potions of invisibility {unknown}
 m - a potion of mutation {unknown}
 s - a potion of haste {unknown}
 t - a potion of lignification {unknown}


   Skills:
 * Level 5.0 Fighting
 + Level 2.9(3.8) Polearms
 + Level 3.8(4.3) Staves
 * Level 3.9 Armour
 + Level 1.4 Dodging
 * Level 4.6 Invocations


You had 6 spell levels left.
You didn't know any spells.
Your spell library contained the following spells:

 Spells                   Type           Power      Damage    Failure   Level
 Corona                   Hex            0%         N/A       100%        1
 Ensorcelled Hibernation  Hex/Ice        0%         N/A       100%        2
 Confusing Touch          Hex            0%         N/A       100%        3
 Dazzling Flash           Conj/Hex       0%         N/A       100%        3
 Tukima's Dance           Hex            0%         N/A       100%        3
 Bolt of Magma            Conj/Fire/Erth 0%         4d4       100%        5
 Iskenderun's Battlesphe  Conj           0%         2d6       100%        5
 Iron Shot                Conj/Erth      0%         9d1       100%        6
 Orb of Destruction       Conj           0%         N/A       100%        7
 Spellforged Servitor     Conj/Summ      0%         N/A       100%        7


Dungeon Overview and Level Annotations

Branches:
Dungeon (5/15)             Temple (0/1) D:4

Altars:
Sif Muna

Portals:
Sewer: D:5

Annotations:
D:5 Blork the orc, Prince Ribbit


Innate Abilities, Weirdness & Mutations

You are partially covered in rugged brown scales. (AC +1, +3% HP)
When hurt, damage is shared between your health and your magic reserves.
You regenerate magic rapidly.


Message History

Prince Ribbit blinks!
Blork the orc casts a spell at you. The puff of flame misses you.
You open the door.
You hit the giant cockroach but do no damage.
The giant cockroach is poisoned.
Prince Ribbit blinks!
The adder bites you but does no damage.
You feel much better.
The giant cockroach bites you but does no damage.
The adder bites you but does no damage.
Prince Ribbit blinks!
The giant cockroach bites you but does no damage.
You feel very mighty all of a sudden.
You kill the giant cockroach!
Lugonu accepts your kill. The adder bites you but does no damage.
You barely miss the ogre. The adder bites you but does no damage.
Prince Ribbit catches a baby bat with his tongue.
The ogre hits you with a +0 giant club!!
The adder bites you.
You are poisoned.
The adder poisons you!
Unknown command.
You slash the ogre!
The ogre is poisoned.
The ogre is moderately wounded.
You feel sick. The adder bites you but does no damage.
Blork the orc gestures at you while chanting.
The magic dart hits you. The ogre completely misses you.
As you read the scroll labelled MELAN MANA, it crumbles to dust.
The scroll dissolves into smoke.
It was a scroll of fog.
You hear the rapid rusting of a drain.
You feel sick. The adder barely misses you. Blork the orc barely misses you.
The adder bites you.
You feel sick. Blork the orc barely misses you. Prince Ribbit hits you!
* * * LOW HITPOINT WARNING * * *
You feel sick.
Blork the orc hits you with a +0 scimitar.
* * * LOW HITPOINT WARNING * * *
You feel sick.
Blork the orc hits you with a +0 scimitar!
You die...

#............##
....###...)#### ####
#...<.###
#.#.....####
.......§§§§.#
#.#######§§§§#
...#≈≈≈≈B#§o§§#
...#≈≈∩≈§B§§o§#####
..#≈≈≈≈§#§OF@§...#
".#######.§S§##.....
..........§§# ....
###........# #
#........#
..##...#### .. ###.
#.


You could see Prince Ribbit, Blork the orc (fast), an ogre (very poisoned), an
orc priest and an adder.

Vanquished Creatures
  Eustachio (D:5)
  An ice beast (D:5)
  2 black bears
  A phantom (D:5)
  A howler monkey (D:5)
  A centaur zombie (D:5)
  A hound (D:5)
  A jelly (D:5)
  An orc priest (D:5)
  A bullfrog skeleton (D:4)
  2 adders (D:2)
  4 worms
  8 orcs
  5 endoplasms
  3 giant cockroaches
  3 goblins
  5 hobgoblins
  3 jackals (D:5)
  2 quokkas
  5 ball pythons
  A bat (D:1)
  A frilled lizard (D:1)
  5 kobolds
  7 rats
65 creatures vanquished.

Notes
Turn   | Place    | Note
-------+----------+-------------------------------------------
     0 | Abyss:1  | robertstho the Demonspawn Abyssal Knight began the quest
                  | for the Orb.
     0 | Abyss:1  | Reached XP level 1. HP: 18/18 MP: 2/2
    74 | Abyss:1  | Found a corrupted altar of Lugonu.
   122 | Abyss:1  | Noticed a purple very ugly thing
   122 | D:1      | Escaped the Abyss
   547 | D:1      | Reached * piety under Lugonu
   590 | D:1      | Gained mutation: You are partially covered in rugged brown
                  | scales. (AC +1, +3% HP) [demonic ancestry]
   590 | D:1      | Reached XP level 2. HP: 15/24 MP: 3/3
  1371 | D:2      | Reached XP level 3. HP: 22/29 MP: 4/4
  1903 | D:2      | Reached skill level 1 in Dodging
  2848 | D:3      | Found a shimmering blue altar of Sif Muna.
  3306 | D:4      | Gained mutation: You regenerate magic rapidly. [demonic
                  | ancestry]
  3306 | D:4      | Reached XP level 4. HP: 37/38 MP: 6/6
  3323 | D:4      | Found a staircase to the Ecumenical Temple.
  3417 | D:4      | Noticed a black bear
  3421 | D:4      | Killed a black bear
  3422 | D:4      | Reached skill level 4 in Fighting
  3422 | D:4      | Reached skill level 1 in Staves
  3422 | D:4      | Reached XP level 5. HP: 43/43 MP: 7/7
  3992 | D:5      | Entered Level 5 of the Dungeon
  4012 | D:5      | Noticed a black bear
  4021 | D:5      | Killed a black bear
  4022 | D:5      | Gained mutation: When hurt, damage is shared between your
                  | health and your magic reserves. [demonic ancestry]
  4022 | D:5      | Reached XP level 6. HP: 41/49 MP: 8/8
  4026 | D:5      | Reached ** piety under Lugonu
  4084 | D:5      | Noticed an ice beast
  4101 | D:5      | Killed an ice beast
  4225 | D:5      | Reached XP level 7. HP: 45/56 MP: 10/10
  4460 | D:5      | Noticed Eustachio
  4467 | D:5      | Killed Eustachio
  4471 | D:5      | Reached skill level 5 in Fighting
  4527 | D:5      | Found a glowing drain.
  4553 | D:5      | Identified the +7 short sword of Ysegaiplo {elec, rF+
                  | rCorr}
  4557 | D:5      | Noticed Blork the orc
  4565 | D:5      | Noticed Prince Ribbit
  4585 | D:5      | Slain by Blork the orc

Illustrated notes

Levels and vault maps discovered:
D:1:      giann_forest_graveyard, layout_basic
D:2:      layout_rooms
D:3:      layout_basic, nicolae_sif_muna_little_library
D:4:      layout_loops_ring, minmay_temple_entry_mini_moons
D:5:      layout_rooms, gup_sewer_entry_glass, uniq_prince_ribbit1,
          uniq_blork_the_orc, uniq_eustachio

Skill      XL: |  1  2  3  4  5  6  7 |
---------------+----------------------+-----
Armour         | 2 3 |  3.9
Polearms       | 2 |  2.9
Dodging        | 1 |  1.4
Fighting       | 4 5 |  5.0
Staves         | 1 2 3 |  3.8
Invocations    | 3 4 |  4.6

Action                   |  1- 3 |  4- 6 |  7- 9 || total
-------------------------+-------+-------+-------++-------
Melee: Spear             |   151 |       |       ||   151
       Lajatang          |    13 |    80 |    22 ||   115
Invok: Depart the Abyss  |     1 |       |       ||     1
  Use: Potion            |     1 |       |     4 ||     5
       Scroll            |     4 |       |     2 ||     6
Armor: Leather armour    |    18 |       |       ||    18
       Chain mail        |     8 |   101 |    28 ||   137
Dodge: Dodged            |    58 |    36 |    10 ||   104

Table legend: (Time is in decaauts)
 A = Elapsed time spent in this place.
 B = Non-inter-level travel time spent in this place.
 C = Inter-level travel time spent in this place.
 D = Time resting spent in this place.
 E = Time spent auto-exploring this place.
 F = Levels seen in this place.
 G = Mean time per level.
                   A        B        C        D        E       F      G
               +--------+--------+--------+--------+--------+-----+--------+
         Total |   4615 |   4468 |    147 |    175 |   3694 |   6 |  769.2 |
       Dungeon |   4493 |   4346 |    147 |    175 |   3573 |   5 |  898.6 |
         Abyss |    122 |    122 |      0 |      0 |    121 |   1 |  122.0 |
               +--------+--------+--------+--------+--------+-----+--------+

Top non-repeatable levels by time:
     D:1: 1262 daAuts
     D:2: 1179 daAuts
     D:3: 736 daAuts
     D:4: 705 daAuts
     D:5: 610 daAuts
 Abyss:1: 122 daAuts
